[ AOE2 MATCH · #505562443 ]
UnrankedPersians vs Burmese
Player's team · LOSS
Rival team · WIN
[ REPLAY ANALYSIS · EXTRACTED FROM THE RECORDED GAME ]
Feudal
25:12
Castle
30:50
Imperial
—
| APM avg | 72.7 |
| APM peak | 113 |
| eAPM avg | 36.1 |
| Villagers / military | 94 / 37 |
Focus
⚔️ 35.6% · 🌾 64.4%
Cavalry Archer ×26 · Militia ×7 · Archer ×2 · Mangonel ×2
Feudal
12:10
Castle
27:27
Imperial
—
| APM avg | 47.9 |
| APM peak | 90 |
| eAPM avg | 25.3 |
| Villagers / military | 96 / 34 |
Focus
⚔️ 26.7% · 🌾 73.3%
Knight ×19 · Scorpion ×8 · Monk ×4 · Mangonel ×2 · Battering Ram ×1
Match map
Initial resources + every placement click. Lines = walls · curves = elevation contours. ◆ gold · ⬟ stone · ● berries · ✦ relic · ◌ wall gap
Your base· ✓ Closed at 30:50 · 59t walls · no gate
eduv's base· Open — opponent sealed themselves in
Smoothed initial terrain · ◌ = detected wall gap · hover for details
Inputs per minute
— 2Darling - - eduv
Build order — 2Darling
First 150 of 248 actions detected
| 0:01 | Create | Villager (Male) |
| 0:01 | Create | Villager (Male) |
| 0:02 | Create | Villager (Male) |
| 0:02 | Build | House |
| 0:03 | Build | House |
| 0:14 | Create | Villager (Male) |
| 0:14 | Create | Villager (Male) |
| 0:14 | Create | Villager (Male) |
| 1:28 | Create | Villager (Male) |
| 1:48 | Build | Lumber Camp |
| 2:05 | Create | Villager (Male) |
| 2:05 | Create | Villager (Male) |
| 2:09 | Create | Villager (Male) |
| 2:09 | Create | Villager (Male) |
| 2:54 | Create | Villager (Male) |
| 2:54 | Create | Villager (Male) |
| 3:16 | Create | Villager (Male) |
| 3:17 | Create | Villager (Male) |
| 3:34 | Build | House |
| 3:43 | Research | Loom |
| 3:43 | Research | Loom |
| 3:44 | Create | Villager (Male) |
| 3:45 | Create | Villager (Male) |
| 4:11 | Build | House |
| 4:22 | Build | House |
| 4:33 | Create | Villager (Male) |
| 4:37 | Create | Villager (Male) |
| 4:37 | Create | Villager (Male) |
| 5:16 | Create | Villager (Male) |
| 5:16 | Create | Villager (Male) |
| 5:17 | Create | Villager (Male) |
| 5:46 | Create | Villager (Male) |
| 5:46 | Create | Villager (Male) |
| 5:47 | Create | Villager (Male) |
| 6:13 | Build | House |
| 6:17 | Create | Villager (Male) |
| 6:17 | Create | Villager (Male) |
| 6:29 | Build | House |
| 7:28 | Build | Town Center |
| 8:26 | Build | Palisade Wall |
| 8:33 | Create | Villager (Male) |
| 8:33 | Create | Villager (Male) |
| 8:51 | Build | Palisade Wall |
| 8:52 | Build | Palisade Wall |
| 9:03 | Build | Mill |
| 9:16 | Build | Palisade Wall |
| 9:18 | Build | Palisade Wall |
| 9:20 | Build | Palisade Wall |
| 9:22 | Build | Palisade Wall |
| 9:23 | Build | Palisade Wall |
| 9:25 | Build | Palisade Wall |
| 10:41 | Create | Villager (Male) |
| 10:41 | Create | Villager (Male) |
| 10:47 | Create | Villager (Male) |
| 10:47 | Create | Villager (Male) |
| 11:03 | Create | Villager (Male) |
| 11:03 | Create | Villager (Male) |
| 11:18 | Build | House |
| 11:23 | Create | Villager (Male) |
| 11:23 | Create | Villager (Male) |
| 11:51 | Build | Palisade Wall |
| 12:08 | Create | Villager (Male) |
| 12:08 | Create | Villager (Male) |
| 12:09 | Create | Villager (Male) |
| 13:00 | Build | Barracks |
| 13:11 | Build | Palisade Wall |
| 13:40 | Create | Militia |
| 13:40 | Create | Militia |
| 13:40 | Create | Militia |
| 13:56 | Create | Villager (Male) |
| 13:56 | Create | Villager (Male) |
| 13:56 | Create | Villager (Male) |
| 14:51 | Build | Town Center |
| 15:41 | Create | Villager (Male) |
| 15:42 | Create | Villager (Male) |
| 17:18 | Build | Farm |
| 17:19 | Build | Farm |
| 17:19 | Build | Farm |
| 17:19 | Build | Farm |
| 17:19 | Build | Farm |
| 17:21 | Create | Villager (Male) |
| 17:21 | Create | Villager (Male) |
| 18:20 | Create | Villager (Male) |
| 18:21 | Create | Villager (Male) |
| 18:21 | Create | Villager (Male) |
| 18:25 | Build | Farm |
| 18:38 | Build | Mill |
| 18:45 | Create | Villager (Male) |
| 18:45 | Create | Villager (Male) |
| 19:05 | Build | Palisade Wall |
| 19:06 | Build | Palisade Wall |
| 19:15 | Create | Villager (Male) |
| 19:15 | Create | Villager (Male) |
| 19:38 | Create | Villager (Male) |
| 19:38 | Create | Villager (Male) |
| 19:45 | Build | Farm |
| 19:57 | Create | Villager (Male) |
| 19:57 | Create | Villager (Male) |
| 20:06 | Create | Villager (Male) |
| 20:11 | Build | Farm |
| 20:19 | Build | Palisade Wall |
| 20:29 | Build | House |
| 20:45 | Create | Villager (Male) |
| 21:09 | Create | Villager (Male) |
| 21:17 | Build | Palisade Wall |
| 21:19 | Create | Villager (Male) |
| 21:21 | Build | Farm |
| 21:24 | Create | Villager (Male) |
| 21:44 | Build | Farm |
| 22:13 | Build | Farm |
| 22:32 | Create | Villager (Male) |
| 22:35 | Build | House |
| 23:08 | Research | Feudal Age |
| 23:08 | Research | Feudal Age |
| 23:08 | Research | Feudal Age |
| 23:14 | Build | Mining Camp |
| 23:15 | Create | Militia |
| 23:35 | Create | Militia |
| 23:35 | Create | Militia |
| 23:41 | Build | Palisade Wall |
| 23:43 | Create | Villager (Male) |
| 23:51 | Build | Farm |
| 23:54 | Create | Militia |
| 24:27 | Build | House |
| 24:37 | Build | Palisade Wall |
| 24:51 | Build | Palisade Wall |
| 24:54 | Build | Farm |
| 24:54 | Build | Farm |
| 24:55 | Build | Farm |
| 24:55 | Build | Farm |
| 25:12 | Age | Feudal Age |
| 25:13 | Create | Villager (Male) |
| 25:16 | Research | Man-at-Arms (upgrade) |
| 25:16 | Research | Man-at-Arms (upgrade) |
| 25:23 | Build | Market |
| 25:29 | Build | Palisade Wall |
| 25:31 | Build | Palisade Wall |
| 25:32 | Build | Palisade Wall |
| 25:38 | Create | Villager (Male) |
| 26:04 | Create | Villager (Male) |
| 26:09 | Build | Archery Range |
| 26:21 | Create | Villager (Male) |
| 26:23 | Build | Farm |
| 26:31 | Build | Farm |
| 26:31 | Build | Farm |
| 26:33 | Create | Villager (Male) |
| 26:48 | Build | Palisade Wall |
| 26:50 | Build | Palisade Wall |
| 26:57 | Create | Villager (Male) |
| 27:10 | Build | Palisade Wall |
Build order — eduv
First 150 of 232 actions detected
| 0:01 | Create | Villager (Male) |
| 0:02 | Create | Villager (Male) |
| 0:03 | Build | House |
| 0:04 | Build | House |
| 0:09 | Create | Villager (Male) |
| 0:09 | Create | Villager (Male) |
| 0:09 | Create | Villager (Male) |
| 1:27 | Create | Villager (Male) |
| 2:06 | Create | Villager (Male) |
| 2:07 | Create | Villager (Male) |
| 2:20 | Create | Villager (Male) |
| 2:20 | Create | Villager (Male) |
| 2:51 | Create | Villager (Male) |
| 2:51 | Create | Villager (Male) |
| 3:28 | Create | Villager (Male) |
| 3:29 | Create | Villager (Male) |
| 3:29 | Create | Villager (Male) |
| 4:01 | Create | Villager (Male) |
| 4:02 | Create | Villager (Male) |
| 4:02 | Create | Villager (Male) |
| 4:08 | Create | Villager (Male) |
| 4:08 | Create | Villager (Male) |
| 4:13 | Build | House |
| 4:16 | Build | Palisade Wall |
| 4:20 | Build | Lumber Camp |
| 4:34 | Create | Villager (Male) |
| 4:34 | Create | Villager (Male) |
| 4:34 | Create | Villager (Male) |
| 5:14 | Build | Palisade Wall |
| 5:22 | Create | Villager (Male) |
| 5:22 | Create | Villager (Male) |
| 5:29 | Research | Loom |
| 5:43 | Create | Villager (Male) |
| 5:44 | Create | Villager (Male) |
| 5:44 | Create | Villager (Male) |
| 5:44 | Create | Villager (Male) |
| 5:44 | Create | Villager (Male) |
| 5:46 | Create | Villager (Male) |
| 5:47 | Create | Villager (Male) |
| 5:47 | Create | Villager (Male) |
| 6:11 | Build | House |
| 6:13 | Build | Palisade Wall |
| 6:16 | Build | Mill |
| 6:53 | Create | Villager (Male) |
| 6:53 | Create | Villager (Male) |
| 6:53 | Create | Villager (Male) |
| 7:12 | Create | Villager (Male) |
| 7:12 | Create | Villager (Male) |
| 7:27 | Build | House |
| 7:30 | Build | Palisade Wall |
| 7:30 | Create | Villager (Male) |
| 7:31 | Create | Villager (Male) |
| 7:36 | Build | Palisade Wall |
| 7:41 | Create | Villager (Male) |
| 7:41 | Create | Villager (Male) |
| 7:54 | Build | Palisade Wall |
| 8:15 | Build | Palisade Wall |
| 8:16 | Build | Palisade Wall |
| 8:29 | Create | Villager (Male) |
| 8:29 | Create | Villager (Male) |
| 8:30 | Create | Villager (Male) |
| 8:49 | Build | Lumber Camp |
| 9:18 | Create | Villager (Male) |
| 9:18 | Create | Villager (Male) |
| 9:18 | Create | Villager (Male) |
| 9:18 | Create | Villager (Male) |
| 10:00 | Research | Feudal Age |
| 10:00 | Research | Feudal Age |
| 12:06 | Create | Villager (Male) |
| 12:10 | Age | Feudal Age |
| 12:43 | Create | Villager (Male) |
| 13:06 | Build | Town Center |
| 13:15 | Build | Town Center |
| 14:40 | Create | Villager (Male) |
| 14:40 | Create | Villager (Male) |
| 16:33 | Build | Town Center |
| 17:27 | Create | Villager (Male) |
| 17:27 | Create | Villager (Male) |
| 17:28 | Create | Villager (Male) |
| 17:28 | Create | Villager (Male) |
| 18:24 | Create | Villager (Male) |
| 18:24 | Create | Villager (Male) |
| 18:25 | Create | Villager (Male) |
| 18:25 | Create | Villager (Male) |
| 18:25 | Create | Villager (Male) |
| 18:31 | Build | Lumber Camp |
| 18:54 | Build | Farm |
| 18:54 | Build | Farm |
| 18:54 | Build | Farm |
| 18:55 | Build | Farm |
| 18:55 | Build | Farm |
| 18:55 | Build | Farm |
| 19:10 | Build | House |
| 19:11 | Build | House |
| 19:12 | Build | House |
| 19:17 | Research | Town Watch |
| 19:57 | Build | Mill |
| 19:58 | Create | Villager (Male) |
| 20:04 | Create | Villager (Male) |
| 20:06 | Build | Farm |
| 20:09 | Build | Farm |
| 20:22 | Build | House |
| 20:24 | Build | House |
| 20:28 | Create | Villager (Male) |
| 20:50 | Create | Villager (Male) |
| 20:57 | Build | Market |
| 20:59 | Build | Palisade Wall |
| 21:05 | Build | House |
| 21:24 | Create | Villager (Male) |
| 21:33 | Build | Farm |
| 21:35 | Build | Farm |
| 21:40 | Build | Farm |
| 21:52 | Create | Villager (Male) |
| 22:17 | Create | Villager (Male) |
| 22:28 | Build | Blacksmith |
| 22:30 | Build | Palisade Wall |
| 22:33 | Create | Villager (Male) |
| 22:34 | Build | Farm |
| 22:40 | Build | Farm |
| 23:11 | Build | House |
| 23:12 | Build | House |
| 23:14 | Create | Villager (Male) |
| 23:32 | Build | Farm |
| 23:44 | Create | Villager (Male) |
| 24:05 | Build | Mill |
| 24:08 | Create | Villager (Male) |
| 24:27 | Build | Farm |
| 24:32 | Build | Farm |
| 24:47 | Research | Castle Age |
| 24:47 | Research | Castle Age |
| 25:20 | Research | Horse Collar |
| 25:20 | Research | Horse Collar |
| 25:37 | Build | Lumber Camp |
| 25:41 | Create | Villager (Male) |
| 25:45 | Build | Palisade Wall |
| 25:48 | Build | House |
| 25:50 | Build | House |
| 25:56 | Build | Palisade Wall |
| 26:02 | Create | Villager (Male) |
| 26:08 | Build | House |
| 26:22 | Build | Barracks |
| 26:28 | Create | Villager (Male) |
| 26:51 | Build | House |
| 26:53 | Build | Palisade Wall |
| 27:11 | Build | Stable |
| 27:13 | Research | Scale Barding Armor |
| 27:13 | Research | Scale Barding Armor |
| 27:15 | Create | Villager (Male) |
| 27:19 | Build | House |
| 27:27 | Age | Castle Age |
Match timeline
| 4:16 | eduv · wall_segment Palisade Wall x1 |
| 5:14 | eduv · wall_segment Palisade Wall x5 |
| 6:13 | eduv · wall_segment Palisade Wall x1 |
| 7:30 | eduv · wall_segment Palisade Wall x6 |
| 7:36 | eduv · wall_segment Palisade Wall x5 |
| 7:54 | eduv · wall_segment Palisade Wall x1 |
| 8:15 | eduv · wall_segment Palisade Wall x1 |
| 8:16 | eduv · wall_segment Palisade Wall x1 |
| 8:26 | 2Darling · wall_segment Palisade Wall x1 |
| 8:51 | 2Darling · wall_segment Palisade Wall x1 |
| 8:52 | 2Darling · wall_segment Palisade Wall x1 |
| 9:16 | 2Darling · wall_segment Palisade Wall x1 |
| 9:18 | 2Darling · wall_segment Palisade Wall x1 |
| 9:20 | 2Darling · wall_segment Palisade Wall x1 |
| 9:22 | 2Darling · wall_segment Palisade Wall x1 |
| 9:23 | 2Darling · wall_segment Palisade Wall x1 |
| 9:25 | 2Darling · wall_segment Palisade Wall x1 |
| 11:51 | 2Darling · wall_segment Palisade Wall x1 |
| 12:10 | eduv · age_up feudal |
| 13:00 | 2Darling · first_building Barracks |
| 13:11 | 2Darling · wall_segment Palisade Wall x1 |
| 19:05 | 2Darling · wall_segment Palisade Wall x4 |
| 19:06 | 2Darling · wall_segment Palisade Wall x1 |
| 20:19 | 2Darling · wall_segment Palisade Wall x8 |
| 20:59 | eduv · wall_segment Palisade Wall x3 |
| 21:17 | 2Darling · wall_segment Palisade Wall x13 |
| 22:30 | eduv · wall_segment Palisade Wall x1 |
| 22:59 | eduv · first_market_sell 100 wood |
| 23:41 | 2Darling · wall_segment Palisade Wall x9 |
| 24:37 | 2Darling · wall_segment Palisade Wall x1 |
| 24:51 | 2Darling · wall_segment Palisade Wall x1 |
| 25:12 | 2Darling · age_up feudal |
| 25:29 | 2Darling · wall_segment Palisade Wall x1 |
| 25:31 | 2Darling · wall_segment Palisade Wall x3 |
| 25:32 | 2Darling · wall_segment Palisade Wall x1 |
| 25:45 | eduv · wall_segment Palisade Wall x2 |
| 25:56 | eduv · wall_segment Palisade Wall x1 |
| 26:09 | 2Darling · first_building Archery Range |
| 26:12 | 2Darling · first_market_buy 100 food |
| 26:22 | eduv · first_building Barracks |
| 26:48 | 2Darling · wall_segment Palisade Wall x1 |
| 26:50 | 2Darling · wall_segment Palisade Wall x1 |
| 26:53 | eduv · wall_segment Palisade Wall x1 |
| 27:10 | 2Darling · wall_segment Palisade Wall x1 |
| 27:11 | eduv · first_building Stable |
| 27:11 | 2Darling · wall_segment Palisade Wall x1 |
| 27:16 | 2Darling · first_market_sell 100 wood |
| 27:21 | 2Darling · wall_segment Palisade Wall x3 |
| 27:27 | eduv · age_up castle |
| 27:53 | eduv · first_building Monastery |
| 27:54 | 2Darling · wall_segment Palisade Wall x1 |
| 28:59 | 2Darling · wall_segment Palisade Wall x1 |
| 29:38 | 2Darling · wall_segment Palisade Wall x1 |
| 30:50 | 2Darling · age_up castle |
| 30:54 | eduv · first_building Siege Workshop |
| 32:24 | 2Darling · wall_segment Palisade Wall x2 |
| 34:45 | 2Darling · wall_segment Palisade Wall x1 |
| 35:31 | 2Darling · first_building Siege Workshop |
| 37:18 | 2Darling · wall_segment Palisade Wall x1 |
| 37:19 | 2Darling · wall_segment Palisade Wall x1 |
| 37:20 | 2Darling · wall_segment Palisade Wall x1 |
| 38:35 | 2Darling · resign |
[ AI ANALYSIS · 1 CREDIT ]
What really happened in this match?
Wolo.gg analyzes every decision: build order, eco, micro, common mistakes by bracket. Personalized analysis on WhatsApp or Discord in 30 seconds.
Civ guide
Persians
Perfil
2Darling